 Dungeon Crawl Stone Soup version 0.25.0-11-g1f837a76a1 (webtiles) character file.

Game seed: 14629732358779992510

777 MisterFreud the Spear-Bearer (level 7, -6/61 HPs)
             Began as a Minotaur Fighter on June 27, 2020.
             Was a Follower of Ashenzari.
             Mangled by an ogre
             ... wielding a +0 giant spiked club
              (26 damage)
             ... on level 5 of the Dungeon.
             The game lasted 00:04:44 (3907 turns).

MisterFreud the Spear-Bearer (Minotaur Fighter)     Turns: 3907, Time: 00:04:45

Health: -6/61      AC: 11    Str: 20    XL:     7   Next: 54%
Magic:  6/6        EV:  5    Int:  6    God:    Ashenzari [*.....]
Gold:   234        SH: 10    Dex: 11    Spells: 6/6 levels left

rFire    . . .     SeeInvis .   a - +0 trident
rCold    + . .     Gourm    .   c - +0 kite shield (curse)
rNeg     . . .     Faith    .   j - +0 chain mail
rPois    .         Spirit   .   (helmet restricted)
rElec    .         Reflect  .   g - +0 cloak
rCorr    .         Harm     .   (no gloves)
MR       .....                  (no boots)
Stlth    ..........             (no amulet)
HPRegen  0.20/turn              s - ring of protection from cold
MPRegen  0.10/turn              (no ring)

@: no status effects
A: retaliatory headbutt, horns 2
a: Curse Item, Scrying, Renounce Religion


You were on level 5 of the Dungeon.
You worshipped Ashenzari.
Ashenzari was aware of your devotion.
You were not hungry.

You visited 1 branch of the dungeon, and saw 5 of its levels.

You collected 234 gold pieces.

Inventory:

Hand Weapons
 a - a +0 trident (weapon)
Missiles
 l - 35 poisoned darts (quivered)
Armour
 b - a +0 scale mail
 c - a cursed +0 kite shield (worn)
 g - a +0 cloak (worn)
 j - a +0 chain mail (worn)
Jewellery
 s - a ring of protection from cold (left hand)
 v - an uncursed ring of magical power
Wands
 k - a wand of iceblast (15)
 p - a wand of polymorph (20)
Scrolls
 e - 3 scrolls of teleportation {unknown}
 u - a scroll of remove curse
 w - a scroll of enchant weapon {unknown}
 y - a scroll of enchant armour {unknown}
Potions
 d - 4 potions of might
 h - 5 potions of curing {unknown}
 i - 3 potions of stabbing {unknown}
 m - a potion of lignification {unknown}
 n - 2 potions of flight {unknown}
 o - a potion of berserk rage {unknown}
 q - a potion of ambrosia {unknown}
 r - a potion of haste {unknown}
 t - 2 potions of heal wounds {unknown}
 x - a potion of cancellation {unknown}
Comestibles
 f - 10 rations
 z - 4 chunks of flesh


   Skills:
 + Level 5.2 Fighting
 - Level 8.0 Polearms
 + Level 5.3 Armour
 + Level 5.2 Shields


You had 6 spell levels left.
You didn't know any spells.
Your spell library contained the following spells:

 Spells                   Type           Power        Failure   Level  Hunger
 Freeze                   Ice            #...         100%        1    ##.....
 Frozen Ramparts          Ice            #.....       100%        3    ####...
 Ozocubu's Armour         Chrm/Ice       #.......     100%        3    ####...
 Hailstorm                Conj/Ice       #.......     100%        4    #####..
 Summon Ice Beast         Ice/Summ       #.......     100%        4    #####..


Dungeon Overview and Level Annotations

Branches:
Dungeon (5/15)
 Temple: D:4-7

Altars:
Ashenzari
Hepliaklqana
Ru
Sif Muna


Innate Abilities, Weirdness & Mutations

You reflexively headbutt those who attack you in melee.
You have a pair of horns on your head.


Message History

The ogre shouts!
Found an uncursed amulet of regeneration.
Found a stone staircase leading up.
There is an open door here.
You see here an iguana corpse.
You hit the ogre.
The ogre is lightly wounded.
The ogre barely misses you.
You hit the ogre.
The ogre is moderately wounded.
You feel sick.
You are no longer poisoned.
You barely miss the ogre. Your headbutt misses the ogre.
The ogre is moderately wounded.
The ogre hits you with a +0 giant spiked club!
You are too injured to fight recklessly!
You hit the ogre.
The ogre is heavily wounded.
The ogre hits you with a +0 giant spiked club!!
You die...

#<#.#.# ##.##.# .#
#...#.# ...#.# .#.
#.#.#.# . #..#.##". #
..#.#.# .. ..#.#.. .#
#.#.#.#.#
...##..[#.##.#.#..)..#.#
..<.....#.=....# ###.#
.......O...#.#
.......@.....#
...........#.#
########†### #..# .#
#######'##.#
#........#.#######
#........#.#...[.#
#..........#.....#
#..........#.....#


You could see an ogre.

Vanquished Creatures
  A water moccasin (D:3)
  An ice beast (D:5)
  3 howler monkeys
  A jelly (D:5)
  A hound (D:4)
  Crazy Yiuf (D:2)
  Jessica (D:2)
  2 centaur skeletons (D:5)
  2 iguanas
  Ijyb (D:5)
  Terence (D:2)
  A worker ant (D:5)
  A killer bee zombie (D:5)
  3 gnolls (D:2)
  2 adders (D:3)
  An ooze (D:3)
  An adder zombie (D:5)
  5 worms
  2 dart slugs
  2 leopard geckos
  4 orcs
  3 giant cockroaches
  6 goblins
  2 hobgoblins (D:1)
  8 jackals
  5 kobolds
  3 quokkas
  2 ball pythons
  6 bats
  2 frilled lizards
  A jackal skeleton (D:4)
  A jackal zombie (D:5)
  A quokka skeleton (D:4)
  7 rats
84 creatures vanquished.

Notes
Turn   | Place    | Note
-------+----------+-------------------------------------------
     0 | D:1      | MisterFreud the Minotaur Fighter began the quest for the
                  | Orb.
     0 | D:1      | Reached XP level 1. HP: 19/19 MP: 0/0
    37 | D:1      | Reached skill level 3 in Polearms
    77 | D:1      | Reached XP level 2. HP: 15/26 MP: 1/1
   270 | D:1      | Reached skill level 4 in Polearms
   619 | D:2      | Reached XP level 3. HP: 31/31 MP: 2/2
   634 | D:2      | You fall into a shaft and drop 2 floors!
   648 | D:4      | Reached skill level 5 in Polearms
   648 | D:4      | Reached XP level 4. HP: 10/39 MP: 3/3
   916 | D:3      | Found a shimmering blue altar of Sif Muna.
   916 | D:3      | Found a hazy altar of Hepliaklqana.
   931 | D:3      | Found a sacrificial altar of Ru.
   933 | D:3      | Found a shattered altar of Ashenzari.
   940 | D:3      | Found a faded altar of an unknown god.
   953 | D:3      | Became a worshipper of Ashenzari the Shackled
   953 | D:3      | Reached * piety under Ashenzari
  1308 | D:2      | Noticed Terence
  1320 | D:2      | Killed Terence
  1320 | D:2      | Reached skill level 6 in Polearms
  1389 | D:2      | Found a runed translucent door.
  1390 | D:2      | Noticed Crazy Yiuf
  1401 | D:2      | Killed Crazy Yiuf
  1401 | D:2      | Reached XP level 5. HP: 37/45 MP: 4/4
  1703 | D:2      | Noticed Jessica
  1711 | D:2      | Killed Jessica
  1711 | D:2      | Reached skill level 7 in Polearms
  2009 | D:3      | Noticed a water moccasin
  2032 | D:3      | Killed a water moccasin
  2032 | D:3      | Reached skill level 8 in Polearms
  2032 | D:3      | Reached XP level 6. HP: 40/52 MP: 5/5
  3465 | D:5      | Entered Level 5 of the Dungeon
  3465 | D:5      | Noticed an ice beast
  3485 | D:5      | Killed an ice beast
  3485 | D:5      | Reached XP level 7. HP: 33/60 MP: 6/6
  3683 | D:5      | Noticed Ijyb
  3693 | D:5      | Killed Ijyb
  3809 | D:5      | Reached skill level 5 in Armour
  3823 | D:5      | Reached skill level 5 in Fighting
  3823 | D:5      | Reached skill level 5 in Shields
  3907 | D:5      | Mangled by an ogre

Illustrated notes

Levels and vault maps discovered:
D:1:      mushboom_english_gardens, layout_rooms
D:2:      layout_rooms, first_ration, uniq_jessica, uniq_terence,
          uniq_crazy_yiuf_cottage
D:3:      layout_basic, chequers_temple_overflow_minitemple,
          cheibrodos_sewer_entry_bend
D:4:      layout_basic, chequers_serial_rivers_small_a
D:5:      layout_basic, nicolae_dithmenos_through_a_glass_darkly, uniq_pikel,
          uniq_ijyb

Skill      XL: |  1  2  3  4  5  6  7 |
---------------+----------------------+-----
Polearms       | 3 4 5 6 8 |  8.0
Fighting       | 4 5 |  5.2
Armour         | 4 5 |  5.3
Shields        | 4 5 |  5.2

Action                   |  1- 3 |  4- 6 |  7- 9 || total
-------------------------+-------+-------+-------++-------
Melee: Trident           |    68 |   202 |    60 ||   330
       Headbutt          |    13 |    27 |    11 ||    51
Invok: Curse Item        |       |     1 |       ||     1
  Eat: Chunk             |       |     7 |     3 ||    10
Armor: Scale mail        |    17 |       |       ||    17
       Chain mail        |    13 |    52 |    16 ||    81
Dodge: Dodged            |    12 |    20 |     8 ||    40
Block: Kite shield       |    24 |    56 |    14 ||    94
